 Dungeon Crawl Stone Soup version 0.31-a0-152-g6aa68a64a1 (webtiles) character file.

Game seed: 17965627158675067946

818 qw the Skirmisher (level 7, -1/61 HPs)
             Began as a Minotaur Hunter on June 10, 2023.
             Succumbed to a water moccasin's poison
             ... on level 5 of the Dungeon.
             The game lasted 00:01:21 (3657 turns).

qw the Skirmisher (Minotaur Hunter)                 Turns: 3657, Time: 00:01:22

Health: -1/61      AC:  7    Str: 15    XL:     7   Next: 62%
Magic:  6/6        EV: 17    Int:  6    God:
Gold:   208        SH:  0    Dex: 16    Spells: 6/6 levels left

rFire   . . .        Y - +0 shortbow
rCold   . . .        (shield currently unavailable)
rNeg    + . .        a - +0 ring mail of Wietaodgh {rN+ Slay+2}
rPois   .            (helmet restricted)
rElec   .            (no cloak)
rCorr   .            g - +1 Delatra's gloves {ID++}
SInv    .            (no boots)
Will    .....        (no amulet)
Stlth   +            i - +5 ring of evasion
HPRegen 0.30/turn    (no ring)
MPRegen 0.10/turn

%: no passive effects
@: lethally poisoned (-1 -> -9)
A: horns 2, retaliatory headbutt
a: no special abilities


You were on level 5 of the Dungeon.
You visited 1 branch of the dungeon, and saw 5 of its levels.

You collected 208 gold pieces.


Innate Abilities, Weirdness & Mutations

You have a pair of horns on your head.
You reflexively headbutt those who attack you in melee.


   Skills:
 - Level 5.0 Fighting
 + Level 8.9 Ranged Weapons
 - Level 2.0 Armour
 - Level 3.6 Dodging
 - Level 0.7 Stealth


You had 6 spell levels left.
You didn't know any spells.
Your spell library was empty.

Inventory:

Hand Weapons
 Y - a +0 shortbow (weapon)
Armour
 a - the +0 ring mail of Wietaodgh (worn) {rN+ Slay+2}
   (You acquired it on level 1 of the Dungeon)

   Slay:      It affects your accuracy & damage with ranged weapons and melee
   (+2).
   rN:        It protects you from negative energy.
 g - the +1 Delatra's gloves (worn) {ID++}
   (You found it on level 2 of the Dungeon)

   ID++:      It heals its wearer when they drink unknown potions, and restores
   their MP when they read unknown scrolls.
Jewellery
 i - a +5 ring of evasion (left hand)
Scrolls
 j - 3 scrolls of enchant armour
Potions
 b - a potion of attraction {unknown}
 c - a potion of berserk rage {unknown}
 f - a potion of heal wounds {unknown}
 h - a potion of curing {unknown}
 k - a potion of might {unknown}

Dungeon Overview and Level Annotations

Branches:
Dungeon (5/15)
 Temple: D:4-7

Altars:

Annotations:
D:4 1 runed translucent door, qw's ghost, amateur MiHu


Message History

The water moccasin poisons you! The scorpion completely misses you.
You furiously retaliate!
You headbutt the scorpion. You shoot an arrow.
The arrow barely misses the water moccasin.
You feel very sick. The water moccasin misses you. The scorpion stings you.
You are more poisoned.
The scorpion poisons you! The water moccasin closely misses you.
You shoot an arrow. The arrow misses the water moccasin.
You feel very sick. The scorpion stings you.
The water moccasin closely misses you.
You shoot an arrow. The arrow hits the water moccasin.
The water moccasin is severely wounded.
You feel very sick. The water moccasin bites you.
You are more poisoned.
The water moccasin poisons you! The scorpion stings you.
You shoot an arrow.
The arrow hits the water moccasin but does no damage.
The water moccasin is severely wounded.
You feel very sick. The water moccasin bites you.
The scorpion closely misses you.
The water moccasin completely misses you.
You shoot an arrow. The arrow hits the water moccasin!
You kill the water moccasin!
You feel very sick. The scorpion stings you. The scorpion closely misses you.
You furiously retaliate!
You headbutt the scorpion!
Your Dodging skill increases to level 3!
You shoot an arrow. The arrow closely misses the scorpion.
You feel very sick.
The scorpion stings you but does no damage.
You shoot an arrow. The arrow barely misses the scorpion.
You feel very sick. The scorpion misses you. You furiously retaliate!
You headbutt the scorpion!
You kill the scorpion!
There is a lethal amount of poison in your body!
You feel sick.
There is a lethal amount of poison in your body!
You die...

... ... #.# #.# #.# #.#
# ### #.# #.#####.##
.>..##### #.# #.##......
........###.###.##.##.##
#.................#
......#.######..##.####
##P77 #@# ###..##.#####
7...%.........<......
7.77.....<....########
P..#####.#.# ###.# #.#.#
#.# #.#.# #.# #.#


There were no monsters in sight!

Vanquished Creatures
  A water moccasin (D:5)
  A black bear (D:4)
  A phantom (D:4)
  2 scorpions
  A quasit (D:5)
  A jelly (D:4)
  Natasha (thrice) (D:2)
  An iguana (D:5)
  2 orc wizards
  Robin (D:2)
  3 gnolls (D:4)
  5 adders
  3 shadow imps (D:5)
  A white imp (D:5)
  2 ufetubi (D:5)
  2 worms (D:2)
  2 dart slugs
  6 orcs
  7 endoplasms
  3 giant cockroaches
  12 goblins
  13 hobgoblins
  2 jackals (D:1)
  4 quokkas
  5 ball pythons
  6 bats
  A frilled lizard (D:2)
  5 kobolds
  6 rats
102 creatures vanquished.

Notes
Turn   | Place    | Note
-------+----------+-------------------------------------------
     0 | D:1      | qw the Minotaur Hunter began the quest for the Orb.
     0 | D:1      | Reached XP level 1. HP: 18/18 MP: 0/0
     0 | D:1      | 0 ||| qw: Version: 0.2-a-122-gbc61b45
     0 | D:1      | 0 ||| qw: Game counter: 3615
     0 | D:1      | 0 ||| qw: Always use a shield: true
     0 | D:1      | 0 ||| qw: God list: Okawaru
     0 | D:1      | 0 ||| qw: Allow faded altars: false
     0 | D:1      | 0 ||| qw: Do Orc after D:15 true
     0 | D:1      | 0 ||| qw: Do second Lair branch before Depths: true
     0 | D:1      | 0 ||| qw: Lair rune preference: random
     0 | D:1      | 0 ||| qw: Plans: Normal
     0 | D:1      | 0 ||| PLANNING D:1-11
   242 | D:1      | Reached XP level 2. HP: 25/25 MP: 1/1
   361 | D:1      | Reached skill level 5 in Ranged Weapons
   402 | D:1      | Reached skill level 3 in Fighting
   497 | D:1      | Reached XP level 3. HP: 31/31 MP: 2/2
   744 | D:1      | 744 ||| UPGRADING to +0 ring mail.
   754 | D:1      | 754 ||| DROPPING +0 leather armour.
   755 | D:1      | 755 ||| READING scroll labelled DEIDWE LOUWNOU.
   756 | D:1      | 756 ||| READING scroll labelled BUILAYRPHOVVY.
   756 | D:1      | Identified a scroll of acquirement
   756 | D:1      | 756 ||| ACQUIRING +0 ring mail of Wietaodgh {rN+ Slay+2}
   756 | D:1      | Acquired the +0 ring mail of Wietaodgh {rN+ Slay+2}
   758 | D:1      | 758 ||| UPGRADING to +0 ring mail of Wietaodgh {rN+
                  | Slay+2}.
   768 | D:1      | 768 ||| DROPPING +0 ring mail.
   769 | D:1      | 769 ||| READING scroll labelled AFYEPUOJAM.
   770 | D:1      | 770 ||| DROPPING scroll of butterflies.
   802 | D:2      | Noticed Robin
   818 | D:2      | Killed Robin
   819 | D:2      | Reached skill level 1 in Armour
   819 | D:2      | 819 ||| FLEEEEING.
   820 | D:2      | 820 ||| STAIRDANCE
  1088 | D:2      | Reached XP level 4. HP: 38/38 MP: 3/3
  1092 | D:2      | Reached skill level 6 in Ranged Weapons
  1092 | D:2      | Found the +1 Delatra's gloves {ID++}
  1448 | D:2      | Noticed Natasha
  1450 | D:2      | 1450 ||| FLEEEEING.
  1460 | D:2      | HP: 3/38 [Natasha (7)]
  1461 | D:2      | Killed Natasha
  1729 | D:2      | Noticed Natasha
  1731 | D:2      | 1731 ||| FLEEEEING.
  1732 | D:2      | 1732 ||| FLEEEEING.
  1733 | D:2      | 1733 ||| FLEEEEING.
  1737 | D:2      | 1737 ||| STAIRDANCE
  1766 | D:1      | 1766 ||| UPGRADING to +1 Delatra's gloves {ID++}.
  1771 | D:1      | 1771 ||| READING scroll labelled POUDISTROEDA.
  1772 | D:1      | 1772 ||| READING scroll labelled ORHUECR PIDOW.
  1773 | D:1      | 1773 ||| READING scroll labelled KOTIFR XUVOFU.
  1774 | D:1      | 1774 ||| READING scroll labelled ZOPYESASOI.
  1779 | D:2      | Killed Natasha
  1780 | D:2      | Reached XP level 5. HP: 45/46 MP: 4/4
  1799 | D:2      | Noticed Natasha
  1810 | D:2      | Killed Natasha
  1908 | D:2      | 1908 ||| DRINKING 2 smoky grey potions.
  1909 | D:2      | 1909 ||| DROPPING potion of enlightenment.
  2531 | D:3      | 2531 ||| UPGRADING to +5 ring of evasion.
  2532 | D:3      | 2532 ||| READING scroll labelled POOTE ZAXU.
  2533 | D:3      | 2533 ||| READING scroll labelled QODOIH OGILAXT.
  2577 | D:4      | Noticed qw's ghost (amateur MiHu)
  2584 | D:4      | Found a runed translucent door.
  2793 | D:4      | Noticed a phantom
  2803 | D:4      | Killed a phantom
  2804 | D:4      | Reached skill level 7 in Ranged Weapons
  2804 | D:4      | Reached XP level 6. HP: 44/52 MP: 5/5
  2848 | D:4      | 2848 ||| Stepping ~*~*~tactically~*~*~ (outnumbered).
  2850 | D:4      | 2850 ||| Stepping ~*~*~tactically~*~*~ (outnumbered).
  2852 | D:4      | 2852 ||| Stepping ~*~*~tactically~*~*~ (outnumbered).
  2944 | D:4      | Reached skill level 8 in Ranged Weapons
  3035 | D:4      | Reached XP level 7. HP: 60/60 MP: 6/6
  3398 | D:4      | 3398 ||| READING scroll labelled RIROFAU ROMAYHE.
  3399 | D:4      | 3399 ||| DRINKING 2 orange potions.
  3400 | D:4      | 3400 ||| DROPPING potion of brilliance.
  3430 | D:5      | Entered Level 5 of the Dungeon
  3532 | D:5      | 3532 ||| Stepping ~*~*~tactically~*~*~ (outnumbered).
  3534 | D:5      | 3534 ||| Stepping ~*~*~tactically~*~*~ (outnumbered).
  3653 | D:5      | HP: 12/61 [poisoned by a water moccasin]
  3654 | D:5      | Reached skill level 3 in Dodging
  3655 | D:5      | HP: 2/61 [poisoned by a water moccasin]
  3657 | D:5      | Succumbed to a water moccasin's poison

Levels and vault maps discovered:
D:1:      lemuel_arrival_muddy, layout_basic, patterned_corridor
D:2:      layout_basic, pf_guarded_unrand_delatra, uniq_natasha, uniq_robin
D:3:      layout_loops_ring
D:4:      layout_loops_ring, hellmonk_ghost_happy_afterlife
D:5:      layout_loops_ring, serial_demonic, serial_demonic_a, serial_demonic_f,
          serial_demonic_e, serial_demonic_a, serial_demonic_e, serial_demonic_b

Skill      XL: |  1  2  3  4  5  6  7 |
---------------+----------------------+-----
Ranged Weapons | 5 6 7 8 |  8.9
Fighting       | 3 4 5 |  5.0
Armour         | 1 2 |  2.0
Dodging        | 3 |  3.6
Stealth        | |  0.7

Action                     |  1- 3 |  4- 6 |  7- 9 || total
---------------------------+-------+-------+-------++-------
  Melee: Unarmed           |       |     8 |       ||     8
   Fire: Shortbow          |   117 |   112 |    62 ||   291
    Use: Scroll            |     3 |     6 |     1 ||    10
         Potion            |       |     1 |     1 ||     2
 Armour: Leather armour    |     9 |       |       ||     9
         Ring mail         |    13 |    13 |    24 ||    50
  Dodge: Dodged            |    63 |    49 |    46 ||   158

Table legend:
 A = Non-vault XP
 B = Vault XP
 C = Vault XP percentage of total XP
 D = Non-vault monster count
 E = Vault monster count
 F = Vault count percentage of total count
                 A         B        C        D         E       F
            +---------+---------+-------+---------+---------+-------
      Total |     951 |     218 |  18.6 |      79 |      23 |  22.5
            +---------+---------+-------+---------+---------+-------
        D:1 |      46 |       0 |   0.0 |      28 |       0 |   0.0
        D:2 |     104 |     112 |  51.9 |      17 |      16 |  48.5
        D:3 |      24 |       0 |   0.0 |       8 |       0 |   0.0
        D:4 |     506 |       0 |   0.0 |      23 |       0 |   0.0
        D:5 |     271 |     106 |  28.1 |       3 |       7 |  70.0
            +---------+---------+-------+---------+---------+-------
